 Dungeon Sprint DCSS version 0.17-a0-2002-g92c7e20 (webtiles) character file.

37320 Kidiri the Unseen (level 12, -1/51 HPs)
             Began as a Spriggan Enchanter on Oct 8, 2015.
             Was the Champion of Dithmenos.
             Succumbed to something's poison gas
             ... in the Dungeon (Sprint III: "The Ten Rune Challenge").
             The game lasted 00:18:46 (3352 turns).

Kidiri the Unseen (Spriggan Enchanter)              Turns: 3352, Time: 00:18:46

Health: -1/51      AC:  6    Str:  4    XL:     12   Next: 79%
Magic:  29/32      EV: 35    Int: 19    God:    Dithmenos [******]
Gold:   42         SH:  0    Dex: 20    Spells: 9 memorised, 12 levels left

rFire  + . .     SeeInvis +     a - +1 dagger
rCold  . . .     Clarity  .     b - +1 robe
rNeg   . . .     SustAt   .     (shield restricted)
rPois  .         Gourm    .     (helmet restricted)
rElec  .         Spirit   .     (no cloak)
rCorr  .         Warding  .     (gloves unavailable)
rMut   .         NoTele   +     (boots unavailable)
MR     ++...                    (no amulet)
Stlth  +++++++++.               (no ring)
                                (no ring)

@: lethally poisoned (-1 -> -29), wreathed by umbra, very quick, very resistant
to hostile enchantments, incredibly stealthy
A: unfitting armour, claws 1, rough black scales 1, thin skeletal structure 1,
see invisible, deformed body, fire resistance 1, herbivore 3, speed 3, slow
metabolism 2, spit poison 1
a: Spit Poison, Shadow Step, Shadow Form, Renounce Religion
}: 1/10 runes: serpentine


You were in the Dungeon.
You worshipped Dithmenos.
Dithmenos was exalted by your worship.
You were not hungry.

You visited 1 branch You collected 42 gold pieces.

Inventory:

Hand Weapons
 a - a +1 dagger (weapon)
Missiles
 c - 10 throwing nets (quivered)
Armour
 b - a +1 robe (worn)
Scrolls
 j - a scroll of blinking
 l - a scroll of holy word
 n - 4 scrolls of remove curse
 q - a scroll of torment
Potions
 g - a potion of haste
 h - 2 potions of magic
 i - a potion of berserk rage
 o - 4 potions of cure mutation
 p - 3 potions of flight
Comestibles
 d - 2 bread rations
 k - 24 royal jellies
 r - 8 fruits


   Skills:
 * Level 14.2 Short Blades
 + Level 7.2 Armour
 * Level 17.8 Dodging
 * Level 18.9 Stealth
 * Level 15.3 Spellcasting
 + Level 7.0 Conjurations
 + Level 11.7 Hexes
 + Level 9.9 Charms
 + Level 11.9 Translocations
 + Level 7.8 Ice Magic
 - Level 6.0 Invocations


You had 12 spell levels left.
You knew the following spells:

 Your Spells              Type           Power        Failure   Level  Hunger
a - Corona                Hex            ######.      1%          1    None
b - Ensorcelled Hibernat  Hex/Ice        ######       1%          2    None
c - Confuse               Hex            ######..     1%          3    None
d - Tukima's Dance        Hex            ######..     1%          3    None
e - Dazzling Spray        Conj/Hex       ######..     1%          3    None
f - Gell's Gravitas       Hex/Tloc       ######....   1%          3    None
g - Force Lance           Conj/Tloc      ######..     1%          4    None
h - Phase Shift           Tloc           ######....   1%          5    ###....
i - Warp Weapon           Chrm/Tloc      ######....   1%          5    ###....


Dungeon Overview and Level Annotations

Branches:
Dungeon (1/1)

Altars:
Cheibriados
Dithmenos
Elyvilon
Fedhas
Gozag
Kikubaaqudgha
Makhleb
Nemelex Xobeh
Okawaru
Qazlal
Ru
Sif Muna
Trog
Vehumet
Xom
Yredelemnul
Zin
The Shining One
Jiyva
Lugonu

Shops:
D [}!


Innate Abilities, Weirdness & Mutations

You are tiny and cannot use many weapons and most armour.
You have supernaturally acute eyesight.
You are a herbivore.
You cover ground extremely quickly.
You need consume almost no food.
You have sharp fingernails.
You are partially covered in rough black scales (AC +4, Dex -1).
You have a somewhat thin skeletal structure (Dex +2, Stealth).
Armour fits poorly on your strangely shaped body.
Your flesh is heat resistant.
You can spit weak poison.


Message History

Unknown command.
Unknown command.
Unknown command.
Unknown command.
Unknown command.
Unknown command.
Unknown command.
Unknown command.
Unknown command.
* * * LOW HITPOINT WARNING * * *
You feel very sick.
* * * LOW HITPOINT WARNING * * *
You feel very sick.
* * * LOW HITPOINT WARNING * * *
You feel very sick.
* * * LOW HITPOINT WARNING * * *
You feel very sick.
* * * LOW HITPOINT WARNING * * *
You feel sick.
You die...

##..##....#......#+###__#
#..###..##.#.....#..:#__#
#..# #..#####....#___#_.+
▓▓▓▓▓▓▓▓▓▓▓▓▓▓▓▓▓▓▓▓▓▓▓▓▓
+≈≈.≈≈§§§≈♣♣.....♣♣♣♣
#≈≈§§§≈§≈≈♣♣.≈≈≈≈+♣♣'
#≈.§≈§§§≈≈≈'.....#.≈♣
#≈§§≈.§§≈≈♣♣♣♣♣♣♣#..♣
#≈§§@§§§≈≈♣ ###+
##+####+#######♣ ♣♣♣♣.
.....§§§§§.)...♣♣ ♣...#
#+#############%♣ ♣♣.##
#≈....%.§§D§§♣ ♣..#
.+≈≈...########♣♣ ♣♣.#
..#≈≈≈...kk......♣ ♣♣.#
..#≈≈≈≈....D.....♣ ♣... #
###########'#### ####


There were no monsters in sight!

Vanquished Creatures
  Rupert (D)
  A greater naga (D)
  Maud (D)
  2 hydras (D)
  Erolcha (D)
  A naga warrior (D)
  4 death yaks (D)
  3 anacondas (D)
  A death drake (D)
  A spriggan druid (D)
  A lindwurm (D)
  A guardian serpent (D)
  7 black mambas (D)
  2 spiny frogs (D)
  A fire drake (D)
  A queen bee (D)
  A komodo dragon (D)
  3 wandering mushrooms (D)
  A deep elf priest (D)
  8 blink frogs (D)
  2 spriggans (D)
  4 redbacks (D)
  2 trapdoor spiders (D)
  A shadow (D)
  2 hill giants (D)
  A spatial vortex (D)
  2 nagas (D)
  A necrophage (D)
  3 water moccasins (D)
  3 swamp drakes (D)
  3 two-headed ogres (D)
  2 brain worms (D)
  A water elemental (D)
  A scorpion (D)
  32 killer bees (D)
  An electric eel (D)
  A wizard (D)
  A jelly (D)
  A necromancer (D)
  3 humans (D)
  A kobold demonologist (D)
  5 adders (D)
  An ooze (D)
  3 rats (D)
  4 plants (D)
123 creatures vanquished.

Vanquished Creatures (others)
  2 draconian scorchers (D)
  2 yaktaurs (D)
  3 plants (D)
7 creatures vanquished.

Grand Total: 130 creatures vanquished

Notes
Turn   | Place    | Note
--------------------------------------------------------------
     0 | D        | Kidiri the Spriggan Enchanter began the quest for the Orb.
     0 | D        | Reached XP level 1. HP: 9/9 MP: 5/5
    83 | D        | Noticed a scorpion
   111 | D        | Killed a scorpion
   111 | D        | Reached skill level 1 in Armour
   111 | D        | Reached skill level 5 in Dodging
   111 | D        | Reached skill level 6 in Stealth
   111 | D        | Reached XP level 2. HP: 13/13 MP: 2/8
   111 | D        | Reached XP level 3. HP: 16/16 MP: 2/9
   115 | D        | Learned a level 2 spell: Ensorcelled Hibernation
   119 | D        | Learned a level 3 spell: Confuse
   120 | D        | Killed a yaktaur
   123 | D        | Learned a level 3 spell: Dazzling Spray
   123 | D        | Killed a yaktaur
   184 | D        | Reached XP level 4. HP: 21/21 MP: 1/11
   221 | D        | Killed a white draconian scorcher
   238 | D        | Learned a level 3 spell: Tukima's Dance
   250 | D        | Gained mutation: Your mind is acute. (Int +2) [potion of mutation]
   250 | D        | Lost mutation: Your mind is acute. (Int +2) [potion of mutation]
   250 | D        | Gained mutation: You evolve. [potion of mutation]
   250 | D        | Killed a white draconian scorcher
   251 | D        | Gained mutation: You are partially covered in rough black scales (AC +4, Dex -1). [potion of mutation]
   251 | D        | Gained mutation: You have a somewhat thin skeletal structure (Dex +2, Stealth). [potion of mutation]
   251 | D        | Gained mutation: You have sharp fingernails. [potion of mutation]
   252 | D        | Gained mutation: Your flesh is heat resistant. [potion of mutation]
   252 | D        | Gained mutation: You can spit weak poison. [potion of mutation]
   253 | D        | Gained mutation: Armour fits poorly on your strangely shaped body. [potion of mutation]
   253 | D        | Lost mutation: You evolve. [potion of mutation]
   263 | D        | Noticed a water elemental
   266 | D        | Killed a water elemental
   266 | D        | Reached skill level 7 in Stealth
   266 | D        | Reached skill level 5 in Spellcasting
   266 | D        | Reached skill level 1 in Conjurations
   266 | D        | Reached skill level 5 in Hexes
   266 | D        | Reached skill level 1 in Ice Magic
   275 | D        | Noticed a jelly
   276 | D        | Noticed a shadow
   309 | D        | Killed a shadow
   309 | D        | Reached skill level 5 in Short Blades
   309 | D        | Reached skill level 8 in Dodging
   309 | D        | Reached skill level 9 in Stealth
   309 | D        | Reached XP level 5. HP: 11/24 MP: 1/15
   309 | D        | Reached XP level 6. HP: 12/28 MP: 1/16
   505 | D        | Killed a jelly
   509 | D        | Found a stormy altar of Qazlal.
   510 | D        | Found a sacrificial altar of Ru.
   510 | D        | Found a burning altar of Makhleb.
   510 | D        | Found a viscous altar of Jiyva.
   510 | D        | Found a shimmering altar of Xom.
   510 | D        | Found a shadowy altar of Dithmenos.
   510 | D        | Found a sparkling altar of Nemelex Xobeh.
   510 | D        | Found a corrupted altar of Lugonu.
   510 | D        | Found an opulent altar of Gozag.
   510 | D        | Noticed a spatial vortex
   516 | D        | Became a worshipper of Dithmenos the Shadowed
   706 | D        | Killed a spatial vortex
   706 | D        | Reached skill level 10 in Stealth
   706 | D        | Reached skill level 1 in Invocations
   816 | D        | Found a radiant altar of Vehumet.
   817 | D        | Found a deep blue altar of Sif Muna.
   817 | D        | Found an ancient bone altar of Kikubaaqudgha.
   817 | D        | Noticed a wizard
   818 | D        | Killed a wizard
   833 | D        | Learned a level 3 spell: Gell's Gravitas
   838 | D        | Learned a level 4 spell: Force Lance
   847 | D        | Found a glowing silver altar of Zin.
   848 | D        | Found a glowing golden altar of the Shining One.
   848 | D        | Found a white marble altar of Elyvilon.
   848 | D        | Noticed a deep elf priest
   850 | D        | Killed a deep elf priest
   850 | D        | Reached XP level 7. HP: 32/32 MP: 17/19
   867 | D        | Found an iron altar of Okawaru.
   868 | D        | Found a bloodstained altar of Trog.
   868 | D        | Noticed a human
   868 | D        | Noticed a human
   876 | D        | Killed a human
   876 | D        | Reached skill level 10 in Dodging
   876 | D        | Reached skill level 11 in Stealth
   878 | D        | Killed a human
  1006 | D        | Found a snail-covered altar of Cheibriados.
  1006 | D        | Noticed a necrophage
  1007 | D        | Found a basalt altar of Yredelemnul.
  1007 | D        | Found a blossoming altar of Fedhas.
  1007 | D        | Noticed a necromancer
  1008 | D        | Killed a necrophage
  1008 | D        | Acquired Dithmenos's first power
  1008 | D        | Reached XP level 8. HP: 36/36 MP: 21/21
  1009 | D        | Killed a necromancer
  1029 | D        | Learned a level 5 spell: Phase Shift
  1095 | D        | Noticed a two-headed ogre
  1095 | D        | Noticed a two-headed ogre
  1099 | D        | Killed a two-headed ogre
  1106 | D        | Killed a two-headed ogre
  1109 | D        | Noticed a two-headed ogre
  1112 | D        | Killed a two-headed ogre
  1112 | D        | Acquired Dithmenos's second power
  1166 | D        | Noticed a hill giant
  1169 | D        | Killed a hill giant
  1169 | D        | Reached skill level 12 in Stealth
  1175 | D        | Noticed a hill giant
  1175 | D        | Noticed Erolcha
  1177 | D        | Killed Erolcha
  1177 | D        | Reached skill level 10 in Spellcasting
  1177 | D        | Reached skill level 5 in Translocations
  1177 | D        | Reached XP level 9. HP: 39/39 MP: 22/24
  1178 | D        | Killed a hill giant
  1178 | D        | Reached skill level 13 in Stealth
  1190 | D        | Noticed a redback
  1194 | D        | Killed a redback
  1198 | D        | Noticed a trapdoor spider
  1200 | D        | Killed a trapdoor spider
  1200 | D        | Acquired Dithmenos's third power
  1202 | D        | Noticed a trapdoor spider
  1204 | D        | Killed a trapdoor spider
  1276 | D        | Noticed a killer bee
  1276 | D        | Noticed a killer bee
  1276 | D        | Noticed a killer bee
  1276 | D        | Noticed a killer bee
  1276 | D        | Noticed a killer bee
  1276 | D        | Noticed a killer bee
  1276 | D        | Noticed a killer bee
  1276 | D        | Noticed a killer bee
  1276 | D        | Noticed a killer bee
  1276 | D        | Noticed a killer bee
  1276 | D        | Noticed a killer bee
  1276 | D        | Noticed a killer bee
  1276 | D        | Noticed a killer bee
  1276 | D        | Noticed a killer bee
  1276 | D        | Noticed a killer bee
  1277 | D        | Noticed a killer bee
  1277 | D        | Noticed a killer bee
  1277 | D        | Noticed a killer bee
  1277 | D        | Noticed a killer bee
  1277 | D        | Noticed a killer bee
  1277 | D        | Noticed a killer bee
  1277 | D        | Noticed a killer bee
  1277 | D        | Noticed a killer bee
  1277 | D        | Noticed a killer bee
  1277 | D        | Noticed a killer bee
  1277 | D        | Noticed a killer bee
  1277 | D        | Noticed a queen bee
  1277 | D        | Noticed a killer bee
  1277 | D        | Noticed a killer bee
  1277 | D        | Noticed a killer bee
  1277 | D        | Noticed a killer bee
  1277 | D        | Noticed a killer bee
  1277 | D        | Noticed a killer bee
  1278 | D        | Killed a killer bee
  1282 | D        | Killed a killer bee
  1283 | D        | Killed a killer bee
  1284 | D        | Killed a killer bee
  1284 | D        | Killed a killer bee
  1284 | D        | Acquired Dithmenos's fourth power
  1285 | D        | Killed a killer bee
  1285 | D        | Reached skill level 5 in Invocations
  1285 | D        | Killed a killer bee
  1285 | D        | Killed a killer bee
  1286 | D        | Killed a killer bee
  1304 | D        | Learned a level 5 spell: Warp Weapon
  1448 | D        | Killed a killer bee
  1449 | D        | Killed a killer bee
  1451 | D        | Killed a killer bee
  1453 | D        | Killed a killer bee
  1455 | D        | Killed a killer bee
  1457 | D        | Killed a killer bee
  1459 | D        | Killed a killer bee
  1461 | D        | Killed a killer bee
  1463 | D        | Killed a killer bee
  1463 | D        | Reached skill level 10 in Short Blades
  1463 | D        | Reached skill level 1 in Charms
  1465 | D        | Killed a killer bee
  1597 | D        | Killed a killer bee
  1599 | D        | Killed a killer bee
  1602 | D        | Killed a killer bee
  1604 | D        | Killed a killer bee
  1606 | D        | Killed a killer bee
  1608 | D        | Killed a killer bee
  1610 | D        | Killed a killer bee
  1612 | D        | Killed a killer bee
  1749 | D        | Killed a killer bee
  1749 | D        | Reached skill level 14 in Stealth
  1749 | D        | Reached XP level 10. HP: 44/44 MP: 21/26
  1752 | D        | Killed a killer bee
  1753 | D        | Killed a killer bee
  1753 | D        | Reached skill level 5 in Ice Magic
  1755 | D        | Killed a killer bee
  1769 | D        | Killed a killer bee
  1898 | D        | Killed a queen bee
  2042 | D        | Noticed a wandering mushroom
  2043 | D        | Noticed a wandering mushroom
  2043 | D        | Noticed a wandering mushroom
  2044 | D        | Killed a wandering mushroom
  2046 | D        | Killed a wandering mushroom
  2047 | D        | Killed a wandering mushroom
  2053 | D        | Noticed a spiny frog
  2053 | D        | Noticed a komodo dragon
  2053 | D        | Noticed a spiny frog
  2056 | D        | Killed a spiny frog
  2058 | D        | Killed a komodo dragon
  2058 | D        | Reached skill level 5 in Armour
  2059 | D        | Killed a spiny frog
  2087 | D        | Noticed a redback
  2089 | D        | Killed a redback
  2090 | D        | Noticed a brain worm
  2094 | D        | Killed a brain worm
  2100 | D        | Noticed a brain worm
  2103 | D        | Killed a brain worm
  2108 | D        | Noticed a lindwurm
  2110 | D        | Noticed a redback
  2111 | D        | Killed a lindwurm
  2111 | D        | Reached skill level 15 in Stealth
  2111 | D        | Reached skill level 5 in Conjurations
  2113 | D        | Killed a redback
  2118 | D        | Noticed a redback
  2119 | D        | Killed a redback
  2120 | D        | Noticed Maud
  2122 | D        | Killed Maud
  2122 | D        | Reached skill level 5 in Charms
  2122 | D        | Reached XP level 11. HP: 47/47 MP: 28/28
  2125 | D        | Noticed an electric eel
  2126 | D        | Noticed a seven-headed hydra
  2126 | D        | Noticed an eight-headed hydra
  2129 | D        | Killed an electric eel
  2131 | D        | Killed a seven-headed hydra
  2132 | D        | Killed an eight-headed hydra
  2132 | D        | Reached skill level 15 in Dodging
  2132 | D        | Reached skill level 16 in Stealth
  2152 | D        | Noticed a death drake
  2155 | D        | Killed a death drake
  2165 | D        | Found a blossoming altar of Fedhas.
  2165 | D        | Noticed a spriggan
  2165 | D        | Noticed a spriggan druid
  2165 | D        | Noticed a spriggan
  2167 | D        | Killed a spriggan druid
  2167 | D        | Reached skill level 10 in Hexes
  2168 | D        | Killed a spriggan
  2169 | D        | Killed a spriggan
  2196 | D        | Noticed a black mamba
  2196 | D        | Noticed a black mamba
  2196 | D        | Noticed a black mamba
  2197 | D        | Noticed a water moccasin
  2197 | D        | Noticed a black mamba
  2198 | D        | Killed a black mamba
  2199 | D        | Killed a black mamba
  2201 | D        | Killed a black mamba
  2201 | D        | Reached skill level 10 in Translocations
  2204 | D        | Killed a water moccasin
  2206 | D        | Killed a black mamba
  2227 | D        | Noticed a water moccasin
  2227 | D        | Noticed a black mamba
  2231 | D        | Killed a water moccasin
  2234 | D        | Killed a black mamba
  2249 | D        | Noticed a water moccasin
  2249 | D        | Noticed an anaconda
  2249 | D        | Noticed an anaconda
  2249 | D        | Noticed an anaconda
  2252 | D        | Killed an anaconda
  2254 | D        | Killed a water moccasin
  2257 | D        | Killed an anaconda
  2257 | D        | Reached skill level 17 in Stealth
  2260 | D        | Killed an anaconda
  2309 | D        | Noticed a naga
  2309 | D        | Noticed a naga
  2310 | D        | Noticed a naga warrior
  2310 | D        | Noticed a greater naga
  2310 | D        | Found Quvemej's Antique Armour Shop.
  2310 | D        | Found Urep's Gadget Shoppe.
  2310 | D        | Found Kolaanuc's Distillery.
  2311 | D        | Killed a naga
  2312 | D        | Killed a naga
  2314 | D        | Killed a naga warrior
  2314 | D        | Reached XP level 12. HP: 51/51 MP: 25/31
  2315 | D        | Killed a greater naga
  2348 | D        | Noticed a guardian serpent
  2350 | D        | Killed a guardian serpent
  2351 | D        | Got a serpentine rune of Zot
  2436 | D        | Noticed a swamp drake
  2436 | D        | Noticed a fire drake
  2437 | D        | Killed a fire drake
  2439 | D        | Killed a swamp drake
  2446 | D        | Noticed a blink frog
  2446 | D        | Noticed a blink frog
  2446 | D        | Noticed a blink frog
  2447 | D        | Noticed a blink frog
  2447 | D        | Noticed a blink frog
  2448 | D        | Killed a blink frog
  2458 | D        | Killed a blink frog
  2461 | D        | Killed a blink frog
  2466 | D        | Killed a blink frog
  2466 | D        | Reached skill level 18 in Stealth
  2631 | D        | Killed a blink frog
  2705 | D        | Noticed Rupert
  2707 | D        | Killed Rupert
  2727 | D        | Noticed a death yak
  2728 | D        | Noticed a death yak
  2728 | D        | Noticed a blink frog
  2729 | D        | Noticed an azure jelly
  2729 | D        | Noticed a death yak
  2729 | D        | Noticed an azure jelly
  2729 | D        | Noticed a blink frog
  2729 | D        | Noticed a death yak
  2730 | D        | Killed a death yak
  2731 | D        | Killed a death yak
  2732 | D        | Killed a blink frog
  2733 | D        | Noticed a blink frog
  2733 | D        | Noticed a black mamba
  2734 | D        | Killed a death yak
  2734 | D        | Reached skill level 15 in Spellcasting
  2741 | D        | Killed a blink frog
  2973 | D        | Noticed a black mamba
  2980 | D        | Killed a blink frog
  2982 | D        | Killed a black mamba
  2986 | D        | Killed a black mamba
  3015 | D        | Killed a death yak
  3266 | D        | Noticed a swamp drake
  3266 | D        | Noticed a swamp dragon
  3273 | D        | Noticed a swamp dragon
  3274 | D        | Noticed a swamp drake
  3319 | D        | Killed a swamp drake
  3321 | D        | Killed a swamp drake
  3351 | D        | HP: 1/51 [poisoned by something (poison gas)]
  3352 | D        | Succumbed to something's poison gas

Vault maps used:
D:        dungeon_sprint_mu

Action                   |  1- 3 |  4- 6 |  7- 9 | 10-12 || total
-------------------------+-------+-------+-------+-------++-------
Melee: Dagger            |    23 |    23 |    35 |   298 ||   379
 Cast: Corona            |     4 |     1 |       |       ||     5
       Dazzling Spray    |       |    15 |     6 |    12 ||    33
       Ensorcelled Hiber |       |       |    27 |    30 ||    57
       Confuse           |       |       |     1 |     2 ||     3
       Gell's Gravitas   |       |       |     6 |       ||     6
       Phase Shift       |       |       |     1 |       ||     1
Invok: Shadow Step       |       |       |     3 |    12 ||    15
  Use: Potion            |       |     4 |       |     3 ||     7
       Scroll            |       |     2 |       |       ||     2
 Stab: Sleeping          |     3 |     5 |    30 |    60 ||    98
       Invisible         |       |       |     1 |     4 ||     5
       Confused          |       |       |       |     1 ||     1
  Eat: Bread ration      |       |       |       |     1 ||     1
